 Dungeon Crawl Stone Soup version 0.30.0-15-g856e2d3f33 (console) character file.

Game seed: 8153462379986432914

5623 jejorda2 the Slicer (level 10, -8/53 HPs)
             Began as a Vine Stalker Berserker on May 19, 2023.
             Was a Priest of Trog.
             Mangled by a skeletal warrior
             ... wielding a +3 glaive of venom
              (11 damage)
             ... on level 8 of the Dungeon.
             The game lasted 00:28:40 (8135 turns).

jejorda2 the Slicer (Vine Stalker Berserker)        Turns: 8135, Time: 00:28:41

Health: -8/53      AC: 22    Str: 24    XL:     10   Next: 73%
Magic:  0/11       EV:  7    Int:  7    God:    Trog [***...]
Gold:   1286       SH:  0    Dex: 14    Spells: 9/9 levels left

rFire   . . .        b - +0 dagger (heavy)
rCold   . . .        (no shield)
rNeg    . . .        i - +0 plate armour
rPois   +            v - +2 helmet
rElec   .            A - +2 cloak {rPois}
rCorr   .            z - +2 pair of gloves
SInv    .            (no boots)
Will    +....        (no amulet) Stlth
                     (no ring)
HPRegen 1.08/turn    (no ring)
MPRegen 0.12/turn

%: guardian spirit
@: lethally poisoned (-8 -> -8), on berserk cooldown, hasted and slowed,
invisible
A: fangs 3, regeneration 1, magic shield, antimagic bite, no potion heal 2
a: Renounce Religion, Berserk, Trog's Hand


You were on level 8 of the Dungeon.
You worshipped Trog.
Trog was most pleased with you.
You visited 1 branch of the dungeon, and saw 8 of its levels.
You also visited: Bailey.

You collected 1286 gold pieces.

Inventory:

Hand Weapons
 a - a +2 dagger of venom
 b - a +0 heavy dagger (weapon)
Missiles
 f - 5 curare-tipped darts
 h - 27 javelins (quivered)
 j - 6 boomerangs
 m - 12 poisoned darts
 q - 45 stones
Armour
 i - a +0 plate armour (worn)
 v - a +2 helmet (worn)
 z - a +2 pair of gloves (worn)
 A - a +2 cloak of poison resistance (worn)
Wands
 c - a wand of flame (9)
 e - a wand of digging (2)
 w - a wand of quicksilver (9)
Scrolls
 g - 3 scrolls of teleportation
 k - 2 scrolls of enchant armour
Potions
 n - 2 potions of magic
 o - a potion of haste
 r - 5 potions of curing
 t - 2 potions of heal wounds {unknown}
 u - a potion of might {unknown}
 B - a potion of mutation {unknown}
 C - a potion of brilliance {unknown}
 D - a potion of attraction {unknown}
 E - a potion of cancellation {unknown}


   Skills:
 + Level 6.4 Fighting
 - Level 10.0 Short Blades
 - Level 6.0 Throwing
 - Level 6.0 Armour
 - Level 1.5 Dodging
 + Level 2.1 Evocations


You had 9 spell levels left.
You didn't know any spells.
Your spell library was empty.

Dungeon Overview and Level Annotations

Branches:
Dungeon (8/15)             Temple (0/1) D:7          Bailey (visited)
   Lair: D:8-11

Altars:
Cheibriados
Dithmenos
Nemelex Xobeh
Okawaru
Uskayaw
The Shining One

Shops:
D:1 (


Innate Abilities, Weirdness & Mutations

You have razor-sharp teeth.
Your natural rate of healing is unusually fast.
When hurt, damage is shared between your health and your magic reserves.
Your bite disrupts and absorbs the magic of your enemies.
Potions cannot restore your health.


Message History

You feel sick.
You hit the skeletal warrior.
You bite the skeletal warrior, but do no damage.
The skeletal warrior is moderately damaged.
You feel sick.
You barely miss the skeletal warrior. You bite the skeletal warrior.
You drain its power.
You feel invigorated.
The skeletal warrior is moderately damaged.
You feel sick.
The skeletal warrior hits you with a +0 halberd!
* * * LOW HITPOINT WARNING * * *
You closely miss the skeletal warrior.
You bite the skeletal warrior, but do no damage.
The skeletal warrior is moderately damaged.
You feel sick.
Unknown command.
You strike the helpless skeletal warrior from behind!
You impale the skeletal warrior!!
The skeletal warrior is severely damaged.
You feel sick.
The skeletal warrior hits you but does no damage.
You puncture the skeletal warrior!
You punch the skeletal warrior, but do no damage.
Your bite misses the skeletal warrior.
The skeletal warrior is almost destroyed.
You hit the skeletal warrior.
The skeletal warrior is almost destroyed.
You feel sick.
You barely miss the skeletal warrior.
The skeletal warrior is almost destroyed.
You are no longer berserk.
You are exhausted.
You feel yourself slow down.
You feel sick.
The skeletal warrior completely misses you.
You hit the skeletal warrior but do no damage.
Your bite misses the skeletal warrior.
The skeletal warrior is almost destroyed.
You feel sick.
The skeletal warrior hits you with a +3 glaive of venom!
You die...

...# ....... ...#
.(.... #..#
#....#
#..###....##
#....#.....#
#....#.....#
#....#.z...#
#....#@z...#
######...##.....#
#...##...##'#####
#..............#
#..............#
#..............#
#...)..........#
#...).|.....<..#
#...########..##


You could see 2 skeletal warriors.

Vanquished Creatures
  A two-headed ogre (D:6)
  A skeletal warrior (D:8)
  Pikel (D:4)
  Grinder (D:4)
  Pargi (D:4)
  11 orc warriors
  2 ice beasts (D:5)
  A black bear (D:4)
  11 centaurs (Bailey)
  An ogre (D:4)
  2 lemures (D:4)
  A kobold brigand (D:7)
  2 scorpions
  A bullfrog (D:7)
  5 wights (D:7)
  A howler monkey (D:6)
  4 hounds
  A gnoll bouda (D:7)
  5 jellies
  5 orc priests
  Crazy Yiuf (D:4)
  An iguana (D:5)
  3 sleepcaps
  Natasha (thrice) (D:2)
  3 orc wizards
  7 adders
  9 gnolls (D:7)
  A white imp (D:6)
  An ufetubus (D:4)
  6 worms
  4 dart slugs
  30 orcs
  3 bats
  5 endoplasms
  4 giant cockroaches
  3 hobgoblins (D:4)
  16 kobolds
  5 quokkas
  7 ball pythons
  3 frilled lizards
  7 goblins
  4 rats
184 creatures vanquished.

Notes
Turn   | Place    | Note
-------+----------+-------------------------------------------
     0 | D:1      | jejorda2 the Vine Stalker Berserker began the quest for the
                  | Orb.
     0 | D:1      | Reached XP level 1. HP: 11/11 MP: 2/2
   265 | D:1      | Reached skill level 3 in Short Blades
   269 | D:1      | Reached XP level 2. HP: 16/16 MP: 3/3
   401 | D:1      | Found Kiworphac's Antique Weapon Emporium.
  1017 | D:2      | Reached XP level 3. HP: 10/20 MP: 4/4
  1080 | D:2      | Noticed Natasha
  1092 | D:2      | Killed Natasha
  1151 | D:2      | Noticed Natasha
  1166 | D:2      | Killed Natasha
  1167 | D:2      | Reached skill level 4 in Short Blades
  1167 | D:2      | Gained mutation: Your natural rate of healing is unusually
                  | fast. [Vine Stalker growth]
  1167 | D:2      | Reached XP level 4. HP: 21/24 MP: 5/5
  1218 | D:2      | Noticed Natasha
  1228 | D:2      | Killed Natasha
  1472 | D:2      | Found a shadowy altar of Dithmenos.
  1477 | D:2      | Reached XP level 5. HP: 28/28 MP: 6/6
  1667 | D:3      | Reached ** piety under Trog
  1935 | D:3      | Found a sparkling altar of Nemelex Xobeh.
  2032 | D:3      | Reached skill level 5 in Short Blades
  2070 | D:3      | Reached XP level 6. HP: 25/33 MP: 5/7
  2481 | D:3      | Found a glowing golden altar of the Shining One.
  2637 | D:4      | Noticed Pargi
  2646 | D:4      | Killed Pargi
  2729 | D:4      | Found a runed translucent door.
  2730 | D:4      | Noticed Crazy Yiuf
  2740 | D:4      | Killed Crazy Yiuf
  2741 | D:4      | Reached XP level 7. HP: 38/38 MP: 8/8
  2807 | D:4      | Noticed Grinder
  2820 | D:4      | Reached skill level 6 in Short Blades
  2837 | D:4      | Killed Grinder
  2838 | D:4      | Reached skill level 5 in Fighting
  2960 | D:4      | Noticed Pikel
  2986 | D:4      | Killed Pikel
  2987 | D:4      | Reached skill level 7 in Short Blades
  2987 | D:4      | Gained mutation: You have razor-sharp teeth. [Vine Stalker
                  | growth]
  2987 | D:4      | Reached XP level 8. HP: 18/44 MP: 4/9
  3152 | D:4      | Reached skill level 8 in Short Blades
  3949 | D:5      | Entered Level 5 of the Dungeon
  3951 | D:5      | Found a hide-covered altar of Uskayaw.
  4281 | D:5      | Reached skill level 9 in Short Blades
  4336 | D:5      | Reached XP level 9. HP: 48/48 MP: 8/10
  4757 | D:6      | Noticed a two-headed ogre
  4764 | D:6      | Killed a two-headed ogre
  4765 | D:6      | Reached skill level 10 in Short Blades
  4959 | D:6      | Identified a scroll of acquirement
  4959 | D:6      | Acquired 796 gold pieces
  5364 | D:7      | Found an iron altar of Okawaru.
  5486 | D:7      | Found a snail-covered altar of Cheibriados.
  5520 | D:7      | Found a flagged portal.
  5529 | D:7      | Reached *** piety under Trog
  5543 | Bailey   | Entered a bailey
  6093 | Bailey   | Reached XP level 10. HP: 41/53 MP: 8/11
  6582 | Bailey   | Reached skill level 5 in Throwing
  6582 | Bailey   | Reached skill level 5 in Armour
  7440 | D:7      | Found a staircase to the Ecumenical Temple.
  8103 | D:8      | Noticed a skeletal warrior
  8106 | D:8      | Noticed a skeletal warrior
  8106 | D:8      | Noticed a skeletal warrior
  8122 | D:8      | Killed a skeletal warrior
  8135 | D:8      | Mangled by a skeletal warrior

Illustrated notes

Levels and vault maps discovered:
D:1:      mrwooster_arrival_statue_2, layout_loops_ring, serial_shops, shop
D:2:      layout_basic, basic_altar, uniq_natasha
D:3:      layout_loops_ring, lemuel_doored_altar, nemelex_spade_bored_becter
D:4:      layout_basic, uniq_grinder, uniq_pikel, uniq_pargi,
          uniq_crazy_yiuf_cottage
D:5:      layout_loops_cross, nicolae_uskayaw_murder_on_the_dancefloor
D:6:      layout_cave_pools, minmay_misc_feat_room
D:7:      layout_basic, kennysheep_little_box,
          mainiacjoe_overflow_small_starburst, temple_pool_b, enter_bailey_7,
          minmay_stone_trees_small, minmay_misc_feat_rows
D:8:      layout_gridville, lemuel_mausoleum_altar_kikubaaqudgha,
          trog_ov_bears_minmay, kennysheep_generic_room_10, uniq_prince_ribbit1

Skill      XL: |  1  2  3  4  5  6  7  8  9 10 |
---------------+-------------------------------+-----
Short Blades   | 3 4 5 7 9 10 | 10.0
Fighting       | 3 4 5 6 |  6.4
Throwing       | 4 6 |  6.0
Armour         | 4 6 |  6.0
Evocations     | 2 |  2.1
Dodging        | |  1.5

Action                     |  1- 3 |  4- 6 |  7- 9 | 10-12 || total
---------------------------+-------+-------+-------+-------++-------
  Melee: Dagger            |   114 |   194 |   273 |   192 ||   773
         Short sword       |    12 |       |       |       ||    12
         Bite              |    38 |    66 |    91 |    86 ||   281
         Punch             |     1 |     2 |     2 |     2 ||     7
         Glaive            |       |       |       |    16 ||    16
  Throw: Dart              |       |     1 |     4 |     1 ||     6
         Boomerang         |       |       |    30 |       ||    30
         Javelin           |       |       |       |     1 ||     1
 Invoke: Berserk           |     2 |     5 |     8 |     8 ||    23
         Trog's Hand       |       |     1 |     2 |     1 ||     4
  Evoke: Wand              |       |       |    13 |       ||    13
    Use: Scroll            |       |       |    16 |     3 ||    19
         Potion            |       |       |       |     2 ||     2
   Stab: Invisible         |       |       |       |     4 ||     4
 Armour: Leather armour    |    11 |       |       |       ||    11
         Animal skin       |     1 |       |       |       ||     1
         Plate armour      |    39 |    85 |   120 |   104 ||   348
  Dodge: Dodged            |    38 |    37 |    55 |    69 ||   199
